SL
NEW AMSTERDAM REPUBLICS @ CAPITAL DISTRICT RED KNIGHTS
06/21/2021
 
TOP OF THE 1ST
New Amsterdam Republics batting - Pitching for Capital District Red Knights : RHP Paul Lowery
Pitching: RHP Paul Lowery
Batting: RHB Doug Reed 0-0: Called Strike
0-1: Ball
1-1: Foul Ball, location: 2F
1-2: Ball
2-2: Ball
3-2: Base on Balls
Batting: RHB Júlio Gruzmán 0-0: Fly out, F7 (Flyball, 78XD)
Batting: RHB Carlos Ortega 0-0: Ball
1-0: Ball
2-0: Called Strike
Doug Reed steals 2nd base
2-1: 2-RUN HOME RUN (Flyball, 89XD), Distance : 366 ft
Batting: RHB Júlio Maldonado 0-0: Called Strike
0-1: Ball
1-1: Ball
2-1: Called Strike
2-2: Ground out 4-3 (Groundball, 13)
Batting: RHB Bryan Manning 0-0: Called Strike
0-1: Ball
1-1: Ball
2-1: Ground out 6-3 (Groundball, 6)
Top of the 1st over - 2 run(s), 1 hit(s), 0 error(s), 0 left on base; New Amsterdam 2 - Capital District 0
BOTTOM OF THE 1ST
Capital District Red Knights batting - Pitching for New Amsterdam Republics : RHP Bobby Swain
Pitching: RHP Bobby Swain
Batting: LHB Roger Shaffer 0-0: Called Strike
0-1: Ball
1-1: Swinging Strike
1-2: Foul Ball, location: 2F
1-2: Ball
2-2: Foul Ball, location: 2F
2-2: Strikes out swinging
Batting: RHB Louis Henderson 0-0: Ball
1-0: SINGLE (Flyball, 8LS)
Batting: RHB Daniel Lallanilla 0-0: Foul Ball, location: 2F
0-1: Foul Ball, location: 2F
0-2: Ball
1-2: Grounds into double play, 6-4-3 (Groundball, 6)
Bottom of the 1st over - 0 run(s), 1 hit(s), 0 error(s), 0 left on base; New Amsterdam 2 - Capital District 0
TOP OF THE 2ND
New Amsterdam Republics batting - Pitching for Capital District Red Knights : RHP Paul Lowery
Batting: RHB Ed Anderson 0-0: Ball
1-0: Foul Ball, location: 2F
1-1: Ball
2-1: Ball
3-1: Base on Balls
Batting: LHB Félix López 0-0: Ball
1-0: Grounds into double play, 6-4-3 (Groundball, 6)
Batting: RHB Tim Robinson 0-0: Called Strike
0-1: SOLO HOME RUN (Flyball, 7D), Distance : 344 ft
Batting: RHB Ronald Shelton 0-0: Ball
1-0: Swinging Strike
1-1: Swinging Strike
1-2: Ball
2-2: Ball
3-2: Base on Balls
Batting: RHB Doug Reed 0-0: Called Strike
0-1: Ball
1-1: SINGLE (Line Drive, 34S)
Ronald Shelton to second
Batting: RHB Júlio Gruzmán 0-0: Ball
1-0: Ground out 1-3 (Groundball, 13)
Top of the 2nd over - 1 run(s), 2 hit(s), 0 error(s), 2 left on base; New Amsterdam 3 - Capital District 0
BOTTOM OF THE 2ND
Capital District Red Knights batting - Pitching for New Amsterdam Republics : RHP Bobby Swain
Batting: LHB Leonardo López 0-0: Ground out 4-3 (Groundball, 4M)
Batting: RHB Chang-bum Pak 0-0: Ball
1-0: Foul Ball, location: 2F
1-1: Ball
2-1: Ball
3-1: Base on Balls
Batting: LHB Stan Lewis 0-0: Called Strike
0-1: Fly out, F6 (Line Drive, 6M)
Batting: RHB Jorge Torrez 0-0: Ball
1-0: Called Strike
1-1: Swinging Strike
1-2: Ball
2-2: Strikes out looking
Bottom of the 2nd over - 0 run(s), 0 hit(s), 0 error(s), 1 left on base; New Amsterdam 3 - Capital District 0
TOP OF THE 3RD
New Amsterdam Republics batting - Pitching for Capital District Red Knights : RHP Paul Lowery
Batting: RHB Carlos Ortega 0-0: Ball
1-0: Called Strike
1-1: Ball
2-1: Foul Ball, location: 2F
2-2: Ball
3-2: Fly out, F9 (Flyball, 89M)
Batting: RHB Júlio Maldonado 0-0: Ball
1-0: Called Strike
1-1: Ball
2-1: Foul Ball, location: 2F
2-2: Ground out 6-3 (Groundball, 6)
Batting: RHB Bryan Manning 0-0: Swinging Strike
0-1: Fly out, F7 (Flyball, 78S)
Top of the 3rd over - 0 run(s), 0 hit(s), 0 error(s), 0 left on base; New Amsterdam 3 - Capital District 0
BOTTOM OF THE 3RD
Capital District Red Knights batting - Pitching for New Amsterdam Republics : RHP Bobby Swain
Batting: SHB Joreăo Canosa 0-0: Ball
1-0: DOUBLE (Groundball, 3L)
Batting: RHB Martin Young 0-0: Called Strike
0-1: Foul Ball, location: 2F
0-2: Strikes out swinging
Batting: LHB Roger Shaffer 0-0: Called Strike
0-1: Swinging Strike
0-2: Foul Ball, location: 2F
0-2: Ball
1-2: Strikes out looking
Batting: RHB Louis Henderson 0-0: Called Strike
0-1: Ball
1-1: Swinging Strike
1-2: Strikes out looking
Bottom of the 3rd over - 0 run(s), 1 hit(s), 0 error(s), 1 left on base; New Amsterdam 3 - Capital District 0
TOP OF THE 4TH
New Amsterdam Republics batting - Pitching for Capital District Red Knights : RHP Paul Lowery
Batting: RHB Ed Anderson 0-0: Ball
1-0: Fly out, F6 (Line Drive, 6M)
Batting: LHB Félix López 0-0: Called Strike
0-1: Fly out, F3 (Line Drive, 3L)
Batting: RHB Tim Robinson 0-0: Reaches on Catchers interference
Batting: RHB Ronald Shelton 0-0: Fielders Choice at 2nd, U6 (Groundball, 6M)
Top of the 4th over - 0 run(s), 0 hit(s), 1 error(s), 1 left on base; New Amsterdam 3 - Capital District 0
BOTTOM OF THE 4TH
Capital District Red Knights batting - Pitching for New Amsterdam Republics : RHP Bobby Swain
Batting: RHB Daniel Lallanilla 0-0: SINGLE (Line Drive, 6MD)
Batting: LHB Leonardo López 0-0: Ball
1-0: Called Strike
1-1: Ball
2-1: Fly out, F7 (Flyball, 7M)
Batting: RHB Chang-bum Pak 0-0: Ball
1-0: Called Strike
1-1: SINGLE (Flyball, 7LS)
Daniel Lallanilla to second
Batting: LHB Stan Lewis 0-0: Ball
1-0: DOUBLE (Flyball, 78XD)
Daniel Lallanilla scores
Chang-bum Pak to third
Batting: RHB Jorge Torrez 0-0: Called Strike
0-1: Ball
1-1: Ball
2-1: Fly out, F4 (Popup, 34)
Batting: SHB Joreăo Canosa 0-0: Foul Ball, location: 2F
0-1: Called Strike
0-2: Ground out 6-3 (Groundball, 6)
Bottom of the 4th over - 1 run(s), 3 hit(s), 0 error(s), 2 left on base; New Amsterdam 3 - Capital District 1
TOP OF THE 5TH
New Amsterdam Republics batting - Pitching for Capital District Red Knights : RHP Paul Lowery
Batting: RHB Doug Reed 0-0: Ball
1-0: Called Strike
1-1: Ball
2-1: Ball
3-1: Swinging Strike
3-2: SINGLE (Line Drive, 6M)
Batting: RHB Júlio Gruzmán 0-0: Called Strike
0-1: Ball
1-1: Ball
2-1: Grounds into double play, 4-6-3 (Groundball, 4)
Batting: RHB Carlos Ortega 0-0: Ball
1-0: Fly out, F9 (Flyball, 9S)
Top of the 5th over - 0 run(s), 1 hit(s), 0 error(s), 0 left on base; New Amsterdam 3 - Capital District 1
BOTTOM OF THE 5TH
Capital District Red Knights batting - Pitching for New Amsterdam Republics : RHP Bobby Swain
Batting: RHB Martin Young 0-0: Ball
1-0: Foul Ball, location: 2F
1-1: Called Strike
1-2: Ball
2-2: Foul Ball, location: 2F
2-2: Strikes out swinging
Batting: LHB Roger Shaffer 0-0: Called Strike
0-1: Ball
1-1: Fly out, F8 (Flyball, 8LS)
Batting: RHB Louis Henderson 0-0: Ball
1-0: Ball
2-0: Ball
3-0: Base on Balls
Batting: RHB Daniel Lallanilla 0-0: Ball
1-0: Ball
2-0: Foul Ball, location: 2F
2-1: Fielders Choice at 2nd, 5-4 (Groundball, 5)
Bottom of the 5th over - 0 run(s), 0 hit(s), 0 error(s), 0 left on base; New Amsterdam 3 - Capital District 1
TOP OF THE 6TH
New Amsterdam Republics batting - Pitching for Capital District Red Knights : RHP Paul Lowery
Batting: RHB Júlio Maldonado 0-0: Ball
1-0: Ball
2-0: Foul Ball, location: 2F
2-1: Ground out 3-1 (Groundball, 23)
Batting: RHB Bryan Manning 0-0: SINGLE (Flyball, 8LS)
Batting: RHB Ed Anderson 0-0: Ball
1-0: Called Strike
1-1: Called Strike
1-2: Ball
2-2: Foul Ball, location: 2F
2-2: Fielders Choice at 2nd, 4-6 (Groundball, 4D)
Batting: LHB Félix López 0-0: Called Strike
0-1: Swinging Strike
0-2: Ball
1-2: Ground out 4-3 (Groundball, 34)
Top of the 6th over - 0 run(s), 1 hit(s), 0 error(s), 1 left on base; New Amsterdam 3 - Capital District 1
BOTTOM OF THE 6TH
Capital District Red Knights batting - Pitching for New Amsterdam Republics : RHP Bobby Swain
Now at 1B: David Morales
Batting: LHB Leonardo López 0-0: Called Strike
0-1: Foul Ball, location: 2F
0-2: Ball
1-2: Ball
2-2: Foul Ball, location: 2F
2-2: Fly out, F5 (Line Drive, 56S)
Batting: RHB Chang-bum Pak 0-0: Fly out, F6 (Popup, 6)
Batting: LHB Stan Lewis 0-0: Called Strike
0-1: Foul Ball, location: 2F
0-2: Foul Ball, location: 2F
0-2: Ball
1-2: Ball
2-2: Ball
3-2: Fly out, F8 (Flyball, 8LD)
Bottom of the 6th over - 0 run(s), 0 hit(s), 0 error(s), 0 left on base; New Amsterdam 3 - Capital District 1
TOP OF THE 7TH
New Amsterdam Republics batting - Pitching for Capital District Red Knights : RHP Paul Lowery
Batting: RHB Tim Robinson 0-0: Ball
1-0: Fly out, F8 (Flyball, 8LXD)
Batting: RHB Ronald Shelton 0-0: Ground out 6-3 (Groundball, 6)
Batting: RHB Doug Reed 0-0: Called Strike
0-1: Ball
1-1: Fly out, F3 (Popup, 23)
Top of the 7th over - 0 run(s), 0 hit(s), 0 error(s), 0 left on base; New Amsterdam 3 - Capital District 1
BOTTOM OF THE 7TH
Capital District Red Knights batting - Pitching for New Amsterdam Republics : RHP Bobby Swain
Batting: RHB Jorge Torrez 0-0: Swinging Strike
0-1: Foul Ball, location: 2F
0-2: Ball
1-2: Ground out 4-3 (Groundball, 34)
Batting: SHB Joreăo Canosa 0-0: SINGLE (Groundball, 6MD)
Batting: RHB Martin Young 0-0: Ball
1-0: Foul Ball, location: 2F
1-1: Ball
2-1: SINGLE (Groundball, 6MD)
Joreăo Canosa to second
Batting: LHB Roger Shaffer 0-0: Ball
1-0: Ball
2-0: Foul Ball, location: 2F
2-1: Ball
3-1: Grounds out, U3 (Groundball, 3L)
Joreăo Canosa to third
Pinch Hitting: LHB Dave Knight 0-0: Ball
1-0: Fly out, F7 (Flyball, 7S)
Bottom of the 7th over - 0 run(s), 2 hit(s), 0 error(s), 2 left on base; New Amsterdam 3 - Capital District 1
TOP OF THE 8TH
New Amsterdam Republics batting - Pitching for Capital District Red Knights : RHP Paul Lowery
Now in RF: Dave Knight
Batting: RHB Júlio Gruzmán 0-0: SINGLE (Line Drive, 7S)
Batting: RHB Carlos Ortega 0-0: Called Strike
0-1: Grounds into double play, 6-4-3 (Groundball, 56)
Batting: RHB Júlio Maldonado 0-0: Swinging Strike
0-1: Foul Ball, location: 2F
0-2: Foul Ball, location: 2F
0-2: Foul Ball, location: 2F
0-2: Ground out 6-3 (Groundball, 6)
Top of the 8th over - 0 run(s), 1 hit(s), 0 error(s), 0 left on base; New Amsterdam 3 - Capital District 1
BOTTOM OF THE 8TH
Capital District Red Knights batting - Pitching for New Amsterdam Republics : RHP Bobby Swain
Batting: RHB Daniel Lallanilla 0-0: Ball
1-0: Called Strike
1-1: Ball
2-1: Foul Ball, location: 2F
2-2: Foul Ball, location: 2F
2-2: Foul Ball, location: 2F
2-2: Foul Ball, location: 2F
2-2: Foul Ball, location: 2F
2-2: Ball
3-2: Base on Balls
Batting: LHB Leonardo López 0-0: Called Strike
0-1: Ball
1-1: Foul Ball, location: 2F
1-2: Ball
2-2: Foul Ball, location: 2F
2-2: Foul Ball, location: 2F
2-2: SINGLE (Groundball, 34D)
Daniel Lallanilla to second
Runner from 2nd tries for 3rd, SAFE, no throw or cutoff
Pitching: RHP Albert Emery
Batting: RHB Chang-bum Pak 0-0: Called Strike
0-1: Ball
1-1: SINGLE (Line Drive, 34)
Daniel Lallanilla scores
Leonardo López to second
Pitching: LHP Michael Rondeau
Batting: LHB Stan Lewis 0-0: Bunted foul
0-1: Bunted foul
0-2: Ball
1-2: Strikes out swinging
Pitching: RHP Decheng Sun
Pinch Hitting: RHB Barry Dempsey 0-0: Grounds into double play, 1-6-3 (Groundball, 23)
Bottom of the 8th over - 1 run(s), 2 hit(s), 0 error(s), 1 left on base; New Amsterdam 3 - Capital District 2
TOP OF THE 9TH
New Amsterdam Republics batting - Pitching for Capital District Red Knights : RHP Paul Lowery
Now at 3B: Manny Carbajal
Batting: RHB David Morales 0-0: DOUBLE (Line Drive, 7D)
Pitching: RHP Woody Cook
Batting: RHB Ed Anderson 0-0: Foul Ball, location: 2F
0-1: Foul Ball, location: 2F
0-2: Ball
Wild Pitch!
David Morales to third
1-2: Ball
2-2: Strikes out swinging
Batting: LHB Félix López 0-0: Swinging Strike
0-1: Swinging Strike
0-2: Fly out, F6 (Popup, 6)
Batting: RHB Tim Robinson 0-0: Ground out 4-3 (Groundball, 4M)
Top of the 9th over - 0 run(s), 1 hit(s), 0 error(s), 1 left on base; New Amsterdam 3 - Capital District 2
BOTTOM OF THE 9TH
Capital District Red Knights batting - Pitching for New Amsterdam Republics : RHP Decheng Sun
Pitching: RHP Gavin Blackburn
Batting: SHB Joreăo Canosa 0-0: Ball
1-0: Ball
2-0: Ball
3-0: Base on Balls
Batting: RHB Martin Young 0-0: Bunted foul
0-1: Reached on error, E2 (Groundball, 2L)
Joreăo Canosa to third
Batting: LHB Roger Shaffer 0-0: Called Strike
0-1: Ball
1-1: Foul Ball, location: 2F
1-2: Ball
2-2: Ball
3-2: SINGLE (Line Drive, 89S)
Joreăo Canosa scores
Martin Young to third
Runner from 3rd tries for Home, throw and OUT!
Roger Shaffer to second
Batting: LHB Dave Knight 0-0: Ball
1-0: Ball
2-0: Ball
3-0: Called Strike
3-1: Foul Ball, location: 2F
3-2: Fly out, F8 (Flyball, 78XD)
Runner from 2nd tags up, SAFE at 3rd, no throw
Batting: RHB Daniel Lallanilla 0-0: Called Strike
0-1: Ball
1-1: Foul Ball, location: 2F
1-2: Strikes out swinging
Bottom of the 9th over - 1 run(s), 1 hit(s), 1 error(s), 1 left on base; New Amsterdam 3 - Capital District 3
TOP OF THE 10TH
New Amsterdam Republics batting - Pitching for Capital District Red Knights : RHP Woody Cook
Pinch Hitting: SHB Todd Hill 0-0: Called Strike
0-1: Called Strike
0-2: Strikes out swinging
Batting: RHB Doug Reed 0-0: Ball
1-0: Ground out 5-3 (Groundball, 5S)
Batting: RHB Júlio Gruzmán 0-0: Swinging Strike
0-1: Foul Ball, location: 2F
0-2: Foul Ball, location: 2F
0-2: Ball
1-2: Foul Ball, location: 2F
1-2: Ball
2-2: Foul Ball, location: 2F
2-2: DOUBLE (Flyball, 89D)
Batting: RHB Carlos Ortega 0-0: Called Strike
0-1: Fly out, F4 (Popup, 3DF)
Top of the 10th over - 0 run(s), 1 hit(s), 0 error(s), 1 left on base; New Amsterdam 3 - Capital District 3
BOTTOM OF THE 10TH
Capital District Red Knights batting - Pitching for New Amsterdam Republics : RHP Gavin Blackburn
Now at 2B: Manuel Martínez
Batting: LHB Leonardo López 0-0: Ball
1-0: Ball
2-0: Foul Ball, location: 2F
2-1: DOUBLE (Groundball, 3L)
Batting: RHB Chang-bum Pak 0-0: SINGLE (Groundball, 56D) (infield hit)
Leonardo López to third
Batting: LHB Stan Lewis 0-0: Ball
1-0: Ball
2-0: Ball
3-0: Swinging Strike
3-1: Foul Ball, location: 2F
3-2: Foul Ball, location: 2F
3-2: Ground out 6-3 (Groundball, 6M)
Chang-bum Pak to second
Batting: RHB Manny Carbajal 0-0: Intentional Walk
Batting: SHB Joreăo Canosa 0-0: Ball
Wild Pitch!
Leonardo López scores
This league is powered by Out of the Park Baseball, the baseball management simulation game for PC, Mac and Linux
Friday, January 22nd, 2016 - OOTP Baseball 16.9 Build 39